 Dungeon Crawl Stone Soup version 0.25.1-8-g42b30a86e7 (webtiles) character file.

Game seed: 5472752943811682888

14670 hehateme the Fighter (level 11, -10/108 HPs)
             Began as a Minotaur Fighter on Dec 5, 2020.
             Was a High Priest of Okawaru.
             Mangled by a two-headed ogre
             ... wielding a +0 giant club
              (16 damage)
             ... on level 11 of the Dungeon.
             The game lasted 00:36:35 (14494 turns).

hehateme the Fighter (Minotaur Fighter)            Turns: 14494, Time: 00:36:35

Health: -10/108    AC: 13    Str: 24    XL:     11   Next: 91%
Magic:  14/14      EV:  8    Int:  5    God:    Okawaru [*****.]
Gold:   620        SH:  0    Dex: 10    Spells: 10/10 levels left

rFire    . . .     SeeInvis .   Q - +3 war axe
rCold    . . .     Gourm    .   (no shield)
rNeg     . . .     Faith    .   G - +0 chain mail
rPois    .         Spirit   .   (helmet restricted)
rElec    .         Reflect  .   x - scarf {+Inv}
rCorr    .         Harm     .   Y - +0 pair of gloves
MR       .....                  (no boots)
Stlth    ..........             (no amulet)
HPRegen  0.28/turn              (no ring)
MPRegen  0.14/turn              (no ring)

@: no status effects
A: retaliatory headbutt, horns 2
a: Heroism, Finesse, Renounce Religion, Evoke Invisibility


You were on level 11 of the Dungeon.
You worshipped Okawaru.
Okawaru was extremely pleased with you.
You were not hungry.

You visited 2 branches of the dungeon, and saw 12 of its levels.

You collected 620 gold pieces.

Inventory:

Hand Weapons
 a - a +0 war axe
 b - a +4 flail of protection
 n - a +4 whip of draining
 y - a +1 morningstar of holy wrath
 Q - a +3 war axe (weapon)
 S - the +11 mace of Symmetry {vorpal, MR+, unknown}
   (You found it on level 7 of the Dungeon)

   It inflicts extra damage upon your enemies.
   It affects your resistance to hostile enchantments.
Missiles
 m - 4 javelins
 p - 31 sling bullets
 B - 123 stones (quivered)
 D - 13 silver javelins
 H - a throwing net {=f}
 I - 8 curare-tipped darts
 U - 38 poisoned darts
 W - 3 boomerangs
Armour
 c - a +0 kite shield
 x - a scarf of invisibility (worn)
 C - the +0 hat of Womuf {-Tele Slay+4 SInv}
   (Okawaru gifted it to you on level 11 of the Dungeon)

   It affects your accuracy and damage with ranged weapons and melee attacks
   (+4).
   It lets you see invisible.
   It prevents most forms of teleportation.
 G - a +0 chain mail (worn)
 Y - a +0 pair of gloves (worn)
Jewellery
 d - an uncursed amulet of regeneration
Wands
 M - a wand of paralysis (4)
 R - a wand of clouds (4)
 X - a wand of iceblast (11)
Scrolls
 g - 3 scrolls of amnesia
 i - 8 scrolls of identify
 o - 4 scrolls of fear
 r - 4 scrolls of remove curse
 s - a scroll of noise {!r}
 u - a scroll of acquirement {unknown}
 K - 2 scrolls of magic mapping {unknown}
 L - a scroll of enchant armour {unknown}
 N - a scroll of blinking {unknown}
 O - 2 scrolls of vulnerability {unknown}
 T - 3 scrolls of enchant weapon {unknown}
 Z - a scroll of fog {unknown}
Potions
 f - 6 potions of curing {unknown}
 h - 2 potions of stabbing
 j - 3 potions of brilliance {unknown}
 k - 5 potions of heal wounds
 l - a potion of flight
 v - a potion of degeneration {!q}
 w - a potion of mutation {!q}
 z - a potion of haste {unknown}
 A - a potion of ambrosia {unknown}
 E - 4 potions of lignification {unknown}
 F - 2 potions of berserk rage {unknown}
Comestibles
 e - 17 rations
 q - 2 chunks of flesh


   Skills:
 + Level 13.8 Fighting
 - Level 5.9(8.4) Axes
 - Level 9.3(10.0) Maces & Flails
 * Level 10.2 Armour
 - Level 9.4 Shields
 + Level 6.1 Evocations


You had 10 spell levels left.
You didn't know any spells.
Your spell library contained the following spells:

 Spells                   Type           Power        Failure   Level  Hunger
 Confusing Touch          Hex            #.......     100%        3    ####...
 Gell's Gravitas          Tloc           #.........   100%        3    ####...
 Cause Fear               Hex            #.........   100%        4    #####..
 Petrify                  Tmut/Erth      #.......     100%        4    #####..
 Metabolic Englaciation   Hex/Ice        #.........   100%        5    ######.
 Silence                  Hex/Air        #.........   100%        5    ######.
 Yara's Violent Unravell  Hex/Tmut       #.........   100%        5    ######.
 Discord                  Hex            #.........   100%        8    #######


Dungeon Overview and Level Annotations

Branches:
Dungeon (11/15)            Temple (1/1) D:5            Lair (0/6) D:11
    Orc (0/2) D:10

Altars:
Ashenzari
Cheibriados
Dithmenos
Elyvilon
Kikubaaqudgha
Makhleb
Nemelex Xobeh
Okawaru
Ru
Sif Muna
Trog
Vehumet
Wu Jian
Xom

Shops:
D:9 %

Annotations:
D:1 exclusion: downstairs
D:2 Sigmund
D:5 exclusion: downstairs
D:6 exclusion: downstairs


Innate Abilities, Weirdness & Mutations

You reflexively headbutt those who attack you in melee.
You have a pair of horns on your head.


Message History

Unknown command.
The helpless 17-headed hydra fails to defend itself.
You lop one of the 17-headed hydra's heads off!
The 16-headed hydra grows two more!
You slash the 18-headed hydra! You slash the two-headed ogre!
You slash something! Something hits you.
* * * LOW HITPOINT WARNING * * *
The two-headed ogre hits you with a +0 giant club!
* * * LOW HITPOINT WARNING * * *
The two-headed ogre hits you with a +0 giant club!
* * * LOW HITPOINT WARNING * * *
You take 14 damage, and have 6/108 hp.
Unknown command.
The helpless 18-headed hydra fails to defend itself.
You chop one of the 18-headed hydra's heads off!
The 17-headed hydra grows two more!
You slash the 19-headed hydra! You headbutt the 19-headed hydra!
You hit the two-headed ogre. You closely miss something.
Something hits you but does no damage. x2
The two-headed ogre completely misses you.
The two-headed ogre hits you with a +0 giant club!
You die...

......... ........# ..#
........# ..## ........#
..... ........# .....
........# ......
........#####......
............O....######..
########...@D....#....#..
#.#####...#....#.# #.#
#...#....#.# #.#
#...#....#.# #.#
#...#....#.#
#.#####...#....#.#
#.........#'####.# #
#######............).).#
##
...............#####...#

Skill      XL: |  1  2  3  4  5  6  7  8  9 10 11 |
---------------+----------------------------------+-----
Fighting       | 4 5 6 7 8 10 12 13 | 13.8
Armour         | 4 5 6 10 | 10.2
Axes           | 4 5 |  5.9
Shields        | 5 8 9 |  9.4
Evocations     | 1 3 4 6 |  6.1
Maces & Flails | 5 9 |  9.3

Notes
Turn   | Place    | Note
-------+----------+-------------------------------------------
     0 | D:1      | hehateme the Minotaur Fighter began the quest for the Orb.
     0 | D:1      | Reached XP level 1. HP: 19/19 MP: 0/0
   214 | D:1      | Reached skill level 4 in Fighting
   214 | D:1      | Reached skill level 4 in Armour
   214 | D:1      | Reached XP level 2. HP: 27/27 MP: 1/1
   855 | D:2      | Reached XP level 3. HP: 29/34 MP: 2/2
  1054 | D:2      | Reached XP level 4. HP: 27/41 MP: 3/3
  1057 | D:2      | Reached skill level 5 in Fighting
  1057 | D:2      | Reached skill level 5 in Armour
  1217 | D:2      | Found a bloodstained altar of Trog.
  1532 | D:2      | Noticed Sigmund
  1532 | D:2      | Noticed Natasha
  1559 | D:1      | Killed Natasha
  1569 | D:2      | Reached XP level 5. HP: 46/48 MP: 4/4
  1715 | D:3      | Found a white marble altar of Elyvilon.
  2617 | D:4      | Reached skill level 3 in Axes
  2640 | D:4      | Reached skill level 6 in Fighting
  2666 | D:4      | Found a snail-covered altar of Cheibriados.
  2735 | D:4      | Noticed an ogre
  2739 | D:4      | Killed an ogre
  2739 | D:4      | Reached skill level 4 in Axes
  2739 | D:4      | Reached XP level 6. HP: 56/57 MP: 5/5
  3038 | D:4      | Reached skill level 5 in Axes
  3511 | D:4      | Reached XP level 7. HP: 43/64 MP: 6/6
  4048 | D:5      | Entered Level 5 of the Dungeon
  4119 | D:5      | Reached skill level 7 in Fighting
  4119 | D:5      | Reached skill level 4 in Shields
  4415 | D:5      | Reached skill level 5 in Shields
  4657 | D:5      | Found a staircase to the Ecumenical Temple.
  4662 | Temple   | Entered the Ecumenical Temple
  4672 | Temple   | Became a worshipper of Warmaster Okawaru
  4737 | D:5      | Reached skill level 1 in Evocations
  5045 | D:5      | Found a shimmering blue altar of Sif Muna.
  5511 | D:6      | Reached XP level 8. HP: 50/74 MP: 8/8
  5516 | D:6      | Reached skill level 6 in Shields
  5524 | D:5      | Reached skill level 2 in Evocations
  5746 | D:6      | Reached skill level 8 in Fighting
  5767 | D:6      | Found a shimmering altar of Xom.
  5783 | D:6      | Reached * piety under Okawaru
  5783 | D:6      | Reached skill level 7 in Shields
  6240 | D:6      | Noticed Prince Ribbit
  6464 | D:6      | Killed Prince Ribbit
  6464 | D:6      | Reached skill level 8 in Shields
  6464 | D:6      | Reached skill level 3 in Evocations
  6667 | D:7      | Noticed a hippogriff
  6784 | D:7      | Found a sparkling altar of Nemelex Xobeh.
  6805 | D:7      | Reached ** piety under Okawaru
  6805 | D:7      | Reached XP level 9. HP: 74/82 MP: 10/10
  6813 | D:7      | Reached skill level 9 in Fighting
  6823 | D:7      | Reached skill level 9 in Shields
  6823 | D:7      | Reached skill level 4 in Evocations
  6825 | D:7      | HP: 18/83 [yak (7)]
  7138 | D:7      | Reached skill level 1 in Maces & Flails
  7362 | D:7      | Reached skill level 2 in Maces & Flails
  7452 | D:7      | Reached skill level 3 in Maces & Flails
  7514 | D:7      | Reached *** piety under Okawaru
  7514 | D:7      | Reached skill level 10 in Fighting
  7587 | D:7      | Found an ornate altar of the Wu Jian Council.
  7589 | D:7      | Noticed Dowan
  7593 | D:7      | Killed Dowan
  7598 | D:7      | Noticed Duvessa
  7609 | D:7      | Killed Duvessa
  7609 | D:7      | Reached skill level 4 in Maces & Flails
  7653 | D:7      | Noticed a tengu warrior
  7760 | D:7      | Got a steaming mace
  7795 | D:8      | Reached skill level 5 in Maces & Flails
  7990 | D:8      | Reached **** piety under Okawaru
  8092 | D:8      | Reached XP level 10. HP: 89/94 MP: 12/12
  8272 | D:8      | Reached skill level 11 in Fighting
  8272 | D:8      | Reached skill level 6 in Maces & Flails
  8752 | D:8      | Got a warped robe
  8949 | D:8      | Found an ancient bone altar of Kikubaaqudgha.
  9369 | D:9      | Reached skill level 7 in Maces & Flails
  9533 | D:9      | Found Apoefus's Food Boutique.
  9588 | D:9      | Noticed a two-headed ogre
  9595 | D:9      | Killed a two-headed ogre
  9595 | D:9      | Reached ***** piety under Okawaru
  9595 | D:9      | Reached skill level 12 in Fighting
  9595 | D:9      | Reached skill level 8 in Maces & Flails
  9944 | D:9      | Reached skill level 9 in Maces & Flails
  9947 | D:9      | HP: 24/99 [orc priest/divine providence (13)]
  9953 | D:9      | Received a gift from Okawaru
 10401 | D:9      | Found a burning altar of Makhleb.
 10746 | D:9      | Identified the cursed +0 robe "Runum" {rC- rCorr Dex+4}
                  | (You found it on level 8 of the Dungeon)
 10770 | D:10     | Entered Level 10 of the Dungeon
 11164 | D:10     | Found a staircase to the Orcish Mines.
 11188 | D:10     | Reached skill level 6 in Armour
 11212 | D:10     | Reached XP level 11. HP: 79/106 MP: 13/13
 11237 | D:10     | HP: 22/106 [centaur warrior zombie (6)]
 11652 | D:10     | Reached skill level 13 in Fighting
 11809 | D:10     | Noticed Sonja
 11877 | D:10     | Reached skill level 7 in Armour
 12361 | D:10     | Killed Sonja
 12447 | D:11     | Found a staircase to the Lair.
 12465 | D:10     | Received a gift from Okawaru
 12785 | D:11     | Reached skill level 5 in Evocations
 12800 | D:11     | Reached skill level 8 in Armour
 13425 | D:11     | Noticed Erica
 13435 | D:11     | Killed Erica
 13435 | D:11     | Reached skill level 9 in Armour
 13592 | D:11     | Received a gift from Okawaru
 13940 | D:11     | Noticed a brown ugly thing
 14009 | D:11     | Killed a brown ugly thing
 14009 | D:11     | Received a gift from Okawaru
 14009 | D:11     | Reached skill level 10 in Armour
 14009 | D:11     | Reached skill level 6 in Evocations
 14030 | D:11     | Got a shimmering hat {god gift}
 14038 | D:11     | Identified the +0 hat of Womuf {-Tele Slay+4 SInv} (Okawaru
                  | gifted it to you on level 11 of the Dungeon)
 14100 | D:11     | HP: 27/108 [poisoned by a wight]
 14476 | D:11     | Noticed an eight-headed hydra
 14481 | D:11     | Noticed a two-headed ogre
 14491 | D:11     | HP: 20/108 [two-headed ogre/+0 giant club (18)]
 14493 | D:11     | HP: 6/108 [two-headed ogre/+0 giant club (7)]
 14494 | D:11     | Mangled by a two-headed ogre

Table legend:
 A = Turns spent in this place as a percentage of turns spent in the entire game.
 B = Non-inter-level travel turns spent in this place as a percentage of non-inter-level travel turns spent in the entire game.
 C = Inter-level travel turns spent in this place as a percentage of turns spent in this place.
 D = Turns resting spent in this place as a percentage of non-inter-level travel turns spent in this place.
 E = Turns spent auto-exploring this place as a percentage of non-inter-level travel turns spent in this place.
 F = Non-inter-level travel turns spent in this place divided by the number of levels of this place that you've seen.
                   A       B       C       D       E      F
               +-------+-------+-------+-------+-------+----------------------
         Total | 100.0 | 100.0 |   4.2 |  17.1 |  62.6 | 1157.4
       Dungeon |  99.9 |  99.9 |   4.1 |  17.2 |  62.6 | 1261.5
        Temple |   0.1 |   0.1 |  40.0 |   0.0 |  25.0 |  12.0
               +-------+-------+-------+-------+-------+----------------------

Table legend:
 A = Kills in this place as a percentage of kills in entire the game.
 B = Kills by you in this place as a percentage of kills by you in the entire game.
 C = Kills by friends in this place as a percentage of kills by friends in the entire game.
 D = Other kills in this place as a percentage of other kills in the entire game.
 E = Experience gained in this place as a percentage of experience gained in the entire game.
 F = Experience gained in this place divided by the number of levels of this place that you have seen.
                   A       B       C       D       E      F
               +-------+-------+-------+-------+-------+----------------------
         Total | 100.0 | 100.0 | 100.0 |   N/A | 100.0 | 1746.5
       Dungeon | 100.0 | 100.0 | 100.0 |   N/A | 100.0 | 1905.3
               +-------+-------+-------+-------+-------+----------------------

Action                   |  1- 3 |  4- 6 |  7- 9 | 10-12 || total
-------------------------+-------+-------+-------+-------++-------
Melee: War axe           |    52 |       |       |   274 ||   326
       Headbutt          |     7 |    21 |    59 |   107 ||   194
       Whip              |    12 |   146 |   284 |   223 ||   665
       Flail             |       |       |       |     4 ||     4
Throw: Stone             |     6 |   136 |   109 |   202 ||   453
       Javelin           |     4 |       |       |       ||     4
Invok: Heroism           |       |       |       |     5 ||     5
       Finesse           |       |       |       |     1 ||     1
 Abil: Evoke Invisibilit |       |       |     3 |       ||     3
Evoke: Wand              |       |       |       |    13 ||    13
  Use: Scroll            |       |       |    13 |     6 ||    19
       Potion            |       |       |     2 |     2 ||     4
 Stab: Invisible         |       |       |     1 |       ||     1
       Paralysed         |       |       |       |    24 ||    24
  Eat: Chunk             |       |     8 |    13 |    19 ||    40
       Ration            |       |       |     1 |     1 ||     2
Armor: Scale mail        |    33 |    46 |    17 |       ||    96
       Chain mail        |       |       |    75 |   139 ||   214
Dodge: Dodged            |    24 |    27 |    41 |    69 ||   161
Block: Kite shield       |    25 |    61 |    60 |       ||   146
       Tower shield      |       |       |   143 |   358 ||   501

Vanquished Creatures
  Erica (D:11)
  A two-headed ogre (D:9)
  Sonja (D:10)
  An ugly thing (D:11)
  A cyclops (D:11)
  A centaur zombie (D:10)
  2 trolls
  Prince Ribbit (D:6)
  2 hornets
  2 hippogriffs
  A meliai zombie (D:11)
  18 yaks
  3 wyverns
  A basilisk (D:11)
  A hungry ghost (D:11)
  3 porcupines (D:11)
  2 water moccasins
  Duvessa (D:7)
  3 orc warriors
  2 sky beasts
  3 ice beasts
  An eye of draining (D:11)
  3 phantoms
  8 ogres
  7 centaurs
  3 crocodiles
  3 big kobolds
  4 bullfrogs
  2 gnoll sergeants (D:10)
  A wyvern skeleton (D:7)
  3 scorpions
  Dowan (D:7)
  15 wights
  A howler monkey (D:4)
  3 crimson imps
  A quasit (D:7)
  A bullfrog zombie (D:8)
  6 hounds
  5 jellies
  6 orc priests
  3 centaur skeletons
  A gnoll shaman (D:5)
  An iguana (D:5)
  Natasha (D:1)
  13 orc wizards
  3 worker ants
  A hound zombie (D:9)
  2 worker ant zombies
  17 gnolls
  20 adders
  2 shadow imps
  2 oozes (D:3)
  2 adder skeletons
  4 dart slugs
  A worm (D:3)
  8 leopard geckos
  43 orcs
  7 bats
  6 giant cockroaches
  4 goblins
  9 hobgoblins
  14 jackals
  4 quokkas
  3 ball pythons
  6 frilled lizards
  11 kobolds
  8 rats
321 creatures vanquished.

Vanquished Creatures (collateral kills)
  2 gnoll sergeants (D:10)
  A big kobold (D:10)
  2 orcs (D:10)
5 creatures vanquished.

Vanquished Creatures (others)
  An ogre (D:6)
  A bullfrog (D:6)
  5 bushes (D:11)
  5 fungi (D:11)
  11 plants (D:11)
23 creatures vanquished.

Grand Total: 349 creatures vanquished You could see a 19-headed hydra (paralysed) and a two-headed ogre.

Levels and vault maps discovered:
D:1:      roderic_octagonal_star, layout_loops_ring
D:2:      layout_basic, nicolae_overflow_crystal_walls, minmay_cupped,
          uniq_sigmund, uniq_natasha
D:3:      layout_loops_ring, elyvilon_altar_4, first_ration, serial_rivers,
          chequers_serial_rivers_marsh, chequers_serial_rivers_marsh,
          chequers_serial_rivers_micro_e, chequers_serial_rivers_micro_a,
          kennysheep_generic_room_9
D:4:      layout_gridville, kennysheep_slug_shrine, minmay_strange_pillars,
          hangedman_abyss_or_decor_passed
D:5:      layout_basic, overflow_temple_1_default,
          minmay_temple_entry_butterflies
D:6:      layout_cave_pools, xom_confusion_cloud, uniq_prince_ribbit1
D:7:      layout_rooms, nemelex_xobeh_ov_fountains_minmay, kennysheep_mini_moat,
          minivault_27, lightli_corner_chamber, uniq_crazy_yiuf_cottage,
          uniq_duvessa
D:8:      layout_basic, lemuel_coloured_pillars_altar
D:9:      layout_loops_cross, makhleb_heckhound_becter, serial_shops, shop
D:10:     layout_loops_cross, kennysheep_orc_monster_closet_entryway, uniq_sonja
D:11:     layout_irregular_city, minmay_lair_entry_grove, uniq_erica
Temple:   nicolae_temple_god_jail
